 Dungeon Crawl Stone Soup version 0.20-a0-465-g6513c8f (webtiles) character file.

61017 Queen the Bludgeoner (level 15, -17/78 HPs)
             Began as a Gargoyle Berserker on Jan 12, 2017.
             Was a High Priest of Trog.
             Blown up by an orb spider (23 damage)
             ... with an orb of destruction
             ... on level 1 of the Spider Nest.
             The game lasted 01:12:41 (19972 turns).

Queen the Bludgeoner (Gargoyle Berserker)          Turns: 19972, Time: 01:12:41

Health: -17/78     AC: 45    Str: 20    XL:     15   Next: 1%
Magic:  5/5        EV: 13    Int: 12    God:    Trog [*****.]
Gold:   1049       SH:  0    Dex: 19    Spells: 14/14 levels left

rFire  . . .     SeeInvis .     C - +5 great mace (antimagic)
rCold  + . .     Gourm    +     P - +10 plate armour {ponderous}
rNeg   + + +     Faith    .     (shield currently unavailable)
rPois  ∞         Spirit   .     V - +2 helmet
rElec  +         Reflect  .     L - +1 cloak
rCorr  .         Harm     .     (no gloves)
MR     +++..                    (no boots)
Stlth  ..........               j - amulet of the gourmand (curse)
                                Q - ring "Koill" {rC+ rN+ Str+3}
                                A - ring of Noloihim {rElec rPois rN++ Str-4 Int+3}

@: agile, exhausted, very slightly contaminated, regenerating, hasted and
slowed, slow
A: big wings, negative energy resistance 1, electricity resistance, unbreathing,
petrification resistance, rot immunity, AC +11
a: Fly, Berserk, Trog's Hand, Brothers in Arms, Burn Spellbooks, Renounce
Religion


You were on level 1 of the Spider Nest.
You worshipped Trog.
Trog was extremely pleased with you.
You were very full.

You visited 3 branches of the dungeon, and saw 20 of its levels.
You also visited: Sewer.

You collected 1049 gold pieces.

Inventory:

Hand Weapons
 y - a +4 flail of holy wrath
 B - a +5 morningstar of holy wrath
 C - a +5 antimagic great mace (weapon)
Missiles
 d - 20 tomahawks (quivered)
Armour
 L - a +1 cloak (worn)
 P - a +10 plate armour of ponderousness (worn)
 V - a +2 helmet (worn)
Jewellery
 j - a cursed amulet of the gourmand (around neck)
 x - an uncursed ring of flight
 A - the ring of Noloihim (left hand) {rElec rPois rN++ Str-4 Int+3}
   (You found it on level 5 of the Dungeon)

   [ring of intelligence]

   It affects your strength (-4).
   It affects your intelligence (+3).
   It insulates you from electricity.
   It protects you from poison.
   It greatly protects you from negative energy.
 K - an uncursed ring of magical power
 Q - the ring "Koill" (right hand) {rC+ rN+ Str+3}
   (You found it on level 11 of the Dungeon)

   [ring of positive energy]

   It affects your strength (+3).
   It protects you from cold.
   It protects you from negative energy.
 U - an uncursed amulet of guardian spirit
 Y - a +5 ring of protection
Wands
 E - a wand of lightning (6/15)
 I - a wand of flame (12/48)
 S - a wand of iceblast (3/15)
 T - a wand of acid (3/15)
Scrolls
 e - 10 scrolls of teleportation
 k - 3 scrolls of fear
 o - a scroll of torment
 r - 13 scrolls of remove curse
 s - a scroll of recharging
 t - a scroll of enchant armour
 v - a scroll of enchant weapon
 w - 2 scrolls of magic mapping
 z - 3 scrolls of random uselessness
 G - a scroll of silence
 J - a scroll of summoning
 M - a scroll of identify
 N - 2 scrolls of immolation {unknown}
 W - 2 scrolls of fog
Potions
 a - 4 potions of flight
 f - 2 potions of might {unknown}
 h - 7 potions of curing
 l - 2 potions of invisibility
 m - 2 potions of cancellation
 n - a potion of magic
 q - 4 potions of brilliance
 D - a potion of agility
 F - a potion of mutation
 O - a potion of berserk rage
Comestibles
 b - 13 meat rations
 c - 12 bread rations
 i - 2 beef jerkies
 p - 10 royal jellies
 u - 3 slices of pizza
 R - 3 fruits


   Skills:
 - Level 3.2 Fighting
 + Level 19.0 Maces & Flails
 - Level 16.8 Armour
 - Level 1.5 Dodging


You had 14 spell levels left.
You didn't know any spells.

Dungeon Overview and Level Annotations

Branches:
Dungeon (15/15)            Temple (0/1) D:5            Lair (4/6) D:9
  Swamp (0/4) Lair:4       Spider (1/4) Lair:4          Orc (0/2) D:9
 Vaults (0/5) D:14         Depths (0/5) D:15

Altars:
Ashenzari
Fedhas
Gozag
Kikubaaqudgha
Makhleb
Ru
Sif Muna
Trog
Uskayaw
Xom

Shops:
D:11 ?

Annotations:
D:15 exclusion: Roxanne, Roxanne


Innate Abilities, Weirdness & Mutations

You are resistant to torment.
Your stone body is resilient. (AC +11)
You are immune to poison.
Your large and strong wings let you fly indefinitely.
You resist negative energy. (rN+)
You are resistant to electric shocks. (rElec)
You can survive without breathing.
You are immune to petrification.
You are immune to rotting.


Message History

An orb spider and an orb of destruction come into view.
You closely miss the jumping spider.
The orb spider hisses angrily.
The redback moves out of view.
The jumping spider closely misses you. The jumping spider barely misses you.
You bludgeon the jumping spider!!
You kill the jumping spider!
Trog accepts your kill.
You hear an angry hiss.
A redback comes into view.
You are no longer berserk.
You are exhausted.
You feel yourself slow down.
The redback bites you but does no damage.
A jumping spider comes into view.
You see here a redback corpse.
Your skin crawls.
You feel resistant to hostile enchantments.
You feel somewhat less full. The orb of destruction hits you!
You die...

... #.......##
....#...%<...#..
..#....##...........
..#.#.#.#...#.......
....#.......#.....##
...s...#>...#....##
......%##.s)#....#
##.....#.§.#....#
#....s@§§§.#.....
##..s.^†...#
^.^..####..........
..s. .............
s## #......[...#...
##.........# ..
###.........
..........
....#......#


You could see 2 orb spiders, a jumping spider and 3 redbacks.

Vanquished Creatures
  A frost giant (D:15)
  8 vault guards (D:14)
  4 hydras
  The ghost of MrRokkomies the Nimble, a journeyman DgCj (Lair:1)
  A catoblepas (D:15)
  Erica (D:10)
  5 two-headed ogres
  6 centaur warriors
  5 death yaks (Lair:2)
  2 unseen horrors
  Pikel (D:6)
  A lindwurm (Lair:2)
  2 wolf spiders (Spider:1)
  A deep elf mage (D:12)
  2 cyclopes
  3 manticores
  An elephant (shapeshifter) (D:13)
  3 elephants (Lair:4)
  3 black mambas
  Joseph (D:7)
  A gargoyle (D:13)
  6 spiny frogs
  2 kobold demonologists
  4 komodo dragons
  A yaktaur (D:15)
  A polar bear (shapeshifter) (D:13)
  A queen bee (D:15)
  3 polar bears
  3 trolls
  6 jumping spiders (Spider:1)
  3 meliai (D:15)
  Grinder (D:3)
  Prince Ribbit (D:7)
  3 slime creatures (D:13)
  5 blink frogs (Lair:3)
  6 dream sheep
  A meliai zombie (D:13)
  4 hippogriffs
  2 shadows
  A vampire (D:10)
  A spriggan (D:7)
  2 wraiths
  2 tarantellas (Spider:1)
  A wyvern (D:12)
  25 yaks
  6 redbacks (Spider:1)
  A hungry ghost (D:10)
  3 basilisks
  5 vampire mosquitoes (Lair:3)
  4 insubstantial wisps
  3 acid dragons
  10 water moccasins
  Purgy (Sewer)
  3 porcupines
  A sky beast (D:12)
  5 orc warriors
  2 ice beasts
  2 phantoms
  A black bear (D:6)
  19 centaurs
  5 ogres
  An eye of draining (D:13)
  11 crocodiles
  2 big kobolds
  Blork the orc (D:6)
  15 bullfrogs
  A gnoll sergeant (D:10)
  A water moccasin zombie (D:8)
  A water moccasin skeleton (D:11)
  A wyvern skeleton (D:9)
  A scorpion (D:13)
  28 killer bees
  5 wights (D:7)
  3 electric eels
  5 howler monkeys
  4 crimson imps
  A lava snake (Lair:1)
  4 centaur zombies
  A quasit (D:12)
  2 bullfrog zombies
  4 centaur skeletons
  Crazy Yiuf (D:6)
  9 orc priests
  5 hounds
  5 jellies
  11 orc wizards
  3 bullfrog skeletons
  Terence (D:2)
  6 iguanas
  14 worker ants
  2 hound zombies
  A howler monkey zombie (D:7)
  A worker ant zombie (D:9)
  6 gnolls
  22 adders
  A howler monkey skeleton (D:7)
  8 shadow imps
  2 oozes
  3 adder skeletons
  An adder zombie (D:9)
  3 worms
  3 dart slugs
  4 leopard geckos
  46 orcs
  8 bats
  9 giant cockroaches
  7 goblins
  5 hobgoblins
  11 jackals
  14 kobolds
  6 quokkas
  A ball python (D:3)
  2 frilled lizards
  A leopard gecko zombie (D:8)
  A quokka skeleton (D:5)
  A quokka zombie (D:5)
  7 rats
  A plant (D:9)
533 creatures vanquished.

Vanquished Creatures (collateral kills)
  An unseen horror (D:10)
1 creature vanquished.

Vanquished Creatures (others)
  A human (D:2)
  An adder (D:9)
  2 orcs
  A giant cockroach (D:6)
  2 fungi
7 creatures vanquished.

Grand Total: 541 creatures vanquished

Notes
Turn   | Place    | Note
-------+----------+-------------------------------------------
     0 | D:1      | Queen the Gargoyle Berserker began the quest for the Orb.
     0 | D:1      | Reached XP level 1. HP: 14/14 MP: 1/1
   231 | D:1      | Reached XP level 2. HP: 15/19 MP: 2/2
   522 | D:1      | Reached skill level 4 in Maces & Flails
   700 | D:1      | Reached XP level 3. HP: 23/23 MP: 3/3
   950 | D:2      | Noticed Terence
   966 | D:2      | Killed Terence
  1027 | D:2      | Reached XP level 4. HP: 21/28 MP: 4/4
  1031 | D:2      | Reached ** piety under Trog
  1037 | D:2      | Reached skill level 5 in Maces & Flails
  1108 | D:2      | Found an ancient bone altar of Kikubaaqudgha.
  1111 | D:2      | Noticed a human
  1111 | D:2      | Killed a human
  1554 | D:2      | Reached XP level 5. HP: 30/32 MP: 5/5
  1990 | D:3      | Noticed Grinder
  2005 | D:3      | Killed Grinder
  2005 | D:3      | Reached skill level 7 in Maces & Flails
  2005 | D:3      | Reached XP level 6. HP: 9/37 MP: 6/6
  2671 | D:4      | Reached XP level 7. HP: 37/41 MP: 7/7
  2817 | D:4      | Reached *** piety under Trog
  3005 | D:4      | Found a glowing drain.
  3019 | Sewer    | Entered a sewer
  3099 | Sewer    | Noticed Purgy
  3139 | Sewer    | Killed Purgy
  3139 | Sewer    | Reached skill level 8 in Maces & Flails
  3659 | D:4      | Reached skill level 9 in Maces & Flails
  3813 | D:5      | Entered Level 5 of the Dungeon
  3825 | D:5      | Reached XP level 8. HP: 42/46 MP: 8/8
  4015 | D:5      | Found a staircase to the Ecumenical Temple.
  4068 | D:5      | Found a burning altar of Makhleb.
  4068 | D:5      | Found a bloodstained altar of Trog.
  4068 | D:5      | Found a hide-covered altar of Uskayaw.
  4068 | D:5      | Found a shimmering altar of Xom.
  4458 | D:5      | Reached skill level 10 in Maces & Flails
  4460 | D:5      | Got a brightly glowing pewter ring
  4461 | D:5      | Identified the ring of Noloihim {rElec rPois rN++ Str-4 Int+3} (You found it on level 5 of the Dungeon)
  4837 | D:6      | Reached **** piety under Trog
  4956 | D:6      | Noticed Pikel
  4968 | D:6      | Killed Pikel
  4968 | D:6      | Reached skill level 11 in Maces & Flails
  4968 | D:6      | Reached XP level 9. HP: 51/51 MP: 9/9
  5160 | D:6      | Noticed Blork the orc
  5169 | D:6      | Killed Blork the orc
  5169 | D:6      | Reached skill level 12 in Maces & Flails
  5312 | D:6      | Found a runed door.
  5874 | D:6      | Noticed Crazy Yiuf
  5878 | D:6      | Killed Crazy Yiuf
  6009 | D:7      | Noticed Prince Ribbit
  6053 | D:7      | Killed Prince Ribbit
  6121 | D:7      | Noticed Joseph
  6134 | D:7      | Reached skill level 13 in Maces & Flails
  6150 | D:7      | Killed Joseph
  6193 | D:7      | Reached XP level 10. HP: 31/56 MP: 10/10
  6555 | D:7      | Found a sacrificial altar of Ru.
  6687 | D:7      | Reached skill level 14 in Maces & Flails
  6933 | D:8      | Noticed a two-headed ogre
  6952 | D:8      | Killed a two-headed ogre
  6952 | D:8      | Reached skill level 5 in Armour
  7422 | D:8      | Found a deep blue altar of Sif Muna.
  7437 | D:8      | Received a gift from Trog
  7721 | D:9      | Found a blossoming altar of Fedhas.
  7726 | D:9      | Found a staircase to the Orcish Mines.
  8005 | D:9      | Found a staircase to the Lair.
  8057 | D:9      | Noticed a two-headed ogre
  8074 | D:9      | Killed a two-headed ogre
  8437 | D:9      | Reached XP level 11. HP: 60/60 MP: 11/11
  8531 | D:10     | Entered Level 10 of the Dungeon
  8573 | D:10     | Noticed Erica
  8600 | D:10     | Killed Erica
  8663 | D:10     | Reached ***** piety under Trog
  8683 | D:10     | Reached skill level 10 in Armour
  8759 | D:10     | Noticed a centaur warrior
  8769 | D:10     | HP: 3/60 [something (6)]
  8776 | D:10     | Killed a centaur warrior
  8814 | D:10     | Killed an unseen horror
  9486 | D:10     | Noticed a cyclops
  9513 | D:10     | Killed a cyclops
 10095 | D:11     | Got a faintly glowing pewter ring
 10116 | D:11     | Identified the ring "Koill" {rC+ rN+ Str+3} (You found it on level 11 of the Dungeon)
 10258 | D:11     | Found Jicrewki's Magic Scroll Emporium.
 10489 | D:12     | Reached XP level 12. HP: 63/64 MP: 12/12
 10570 | D:12     | Noticed a centaur warrior
 10572 | D:12     | Noticed a soul eater
 10598 | D:12     | Killed a centaur warrior
 11322 | D:13     | Noticed a two-headed ogre
 11339 | D:13     | Killed a two-headed ogre
 11339 | D:13     | Reached skill level 15 in Armour
 11514 | D:13     | Noticed a centaur warrior
 11535 | D:13     | Killed a centaur warrior
 11911 | D:13     | Found a shattered altar of Ashenzari.
 12430 | D:13     | Noticed a two-headed ogre
 12447 | D:13     | Killed a two-headed ogre
 12447 | D:13     | Reached XP level 13. HP: 27/68 MP: 13/13
 12920 | D:14     | Received a gift from Trog
 12943 | D:14     | Found a gate to the Vaults.
 12943 | D:14     | Noticed a vault guard
 12943 | D:14     | Noticed a vault guard
 12943 | D:14     | Noticed a vault guard
 12944 | D:14     | Noticed a vault guard
 12944 | D:14     | Noticed a vault guard
 12975 | D:14     | Killed a vault guard
 12984 | D:14     | Killed a vault guard
 13002 | D:14     | Killed a vault guard
 13011 | D:14     | Killed a vault guard
 13033 | D:14     | Killed a vault guard
 13046 | D:14     | Noticed a vault guard
 13056 | D:14     | Noticed a vault guard
 13076 | D:14     | Killed a vault guard
 13076 | D:14     | Reached skill level 15 in Maces & Flails
 13085 | D:14     | Killed a vault guard
 13131 | D:14     | Noticed a vault guard
 13158 | D:14     | Killed a vault guard
 13255 | D:15     | Entered Level 15 of the Dungeon
 13259 | D:15     | Noticed Roxanne
 13380 | D:15     | Found an opulent altar of Gozag.
 14582 | D:15     | Reached skill level 16 in Maces & Flails
 14852 | D:15     | Found a staircase to the Depths.
 14852 | D:15     | Noticed a frost giant
 14869 | D:15     | Killed a frost giant
 14982 | D:15     | Gained mutation: Your large and strong wings let you fly indefinitely. [Gargoyle growth]
 14982 | D:15     | Reached XP level 14. HP: 74/74 MP: 4/14
 15387 | Lair:1   | Entered Level 1 of the Lair of Beasts
 15693 | Lair:1   | Noticed MrRokkomies's ghost (journeyman DgCj)
 15731 | Lair:1   | Reached skill level 17 in Maces & Flails
 15750 | Lair:1   | Killed MrRokkomies's ghost
 16719 | Lair:2   | Received a gift from Trog
 17567 | Lair:2   | Reached skill level 18 in Maces & Flails
 19290 | Lair:4   | Found a staircase to the Swamp.
 19424 | Lair:4   | Found a hole to the Spider Nest.
 19781 | Spider:1 | Entered Level 1 of the Spider Nest
 19909 | Spider:1 | Received a gift from Trog
 19954 | Spider:1 | Reached skill level 19 in Maces & Flails
 19965 | Spider:1 | Reached XP level 15. HP: 34/78 MP: 5/15
 19965 | Spider:1 | HP: 2/117 [disintegration (32)]
 19972 | Spider:1 | Blown up by an orb spider

Vault maps used:
D:1:      dpeg_arrival_rooms_b
D:2:      minmay_diamond_boxcup, tgw_kikubaaqudgha, uniq_terence
D:3:      uniq_grinder
D:4:      portal_sewer_entry_f, first_bread
D:5:      chequers_temple_overflow_statue_of_worship
D:6:      abandoned_shop, uniq_crazy_yiuf_cottage, uniq_blork_the_orc,
          uniq_pikel
D:7:      nicolae_ru_the_path_less_chosen, nicolae_water_bricks, the_bakery,
          minmay_crystal_water, uniq_joseph, uniq_prince_ribbit1
D:8:      kennysheep_orc_sif_temple, hangedman_abyss_or_decor_passed
D:9:      dpeg_oklobed_lair, orc_0_dummy, serial_bayou_ford_a, fedhas_altar_1
D:10:     kennysheep_six_static_rooms, minivault_26, uniq_erica
D:11:     serial_shops, nicolae_shop_trees
D:12:     hangedman_decor_push
D:13:     ashenzari_altar_1
D:14:     erik_vaults_2, minmay_hedge_maze, lightli_wizard_tower
D:15:     grunt_enter_depths_snipers, basic_altar, minmay_misc_feat_nine_boxes,
          minivault_7, uniq_roxanne
Lair:2:   minmay_guarded_unrand_snakebite, nicolae_volcano_entry_vermiform
Lair:4:   swamp_mist, dummy_spider_entry, pond
Spider:1: spider_trap, hangedman_spider_mandibles, zaba_antful_of_joy
Sewer:    kennysheep_door_sewer

Skill      XL: |  1  2  3  4  5  6  7  8  9 10 11 12 13 14 |
---------------+-------------------------------------------+-----
Maces & Flails | 4 5 7 9 11 13 14 16 19 | 19.0
Armour         | 8 13 16 | 16.8
Fighting       | |  3.2
Dodging        | |  1.5

Action                   |  1- 3 |  4- 6 |  7- 9 | 10-12 | 13-15 || total
-------------------------+-------+-------+-------+-------+-------++-------
Melee: Mace              |    60 |    62 |       |       |       ||   122
       Flail             |       |   114 |   344 |  1048 |    54 ||  1560
       Great mace        |       |       |       |       |   959 ||   959
Invok: Berserk           |     1 |     1 |     3 |     9 |     7 ||    21
       Trog's Hand       |       |       |     2 |     7 |     8 ||    17
       Burn Spellbooks   |       |       |       |     2 |     2 ||     4
       Brothers in Arms  |       |       |       |     1 |       ||     1
 Abil: Fly               |       |       |       |       |     1 ||     1
       Stop Flying       |       |       |       |       |     1 ||     1
  Use: Scroll            |     3 |       |    10 |     2 |    21 ||    36
       Potion            |       |       |       |     1 |     8 ||     9
  Eat: Chunk             |     1 |     6 |    15 |    43 |    38 ||   103
Armor: Animal skin       |    19 |       |       |       |       ||    19
       Chain mail        |     1 |   123 |   218 |   342 |       ||   684
       Plate armour      |       |       |       |   431 |  1049 ||  1480
Dodge: Dodged            |    43 |    92 |   127 |   309 |   450 ||  1021
